 Dungeon Crawl Stone Soup version 0.28-a0-793-g31680bbd8b (webtiles) character file.

Game seed: 10993006812759864495

17384 jasper the Carver (level 12, -16/95 HPs)
             Began as a Demonspawn Cinder Acolyte on Nov 3, 2021.
             Was an Initiate of Ignis.
             Killed from afar by a deep elf zephyrmancer (31 damage)
             ... with a bolt of lightning
             ... on level 11 of the Dungeon.
             The game lasted 00:22:15 (11825 turns).

jasper the Carver (Demonspawn Cinder Acolyte)      Turns: 11825, Time: 00:22:16

Health: -16/95     AC: 17    Str: 23    XL:     12   Next: 18%
Magic:  13/13      EV: 12    Int: 23    God:    Ignis [......]
Gold:   1847       SH:  8    Dex: 10    Spells: 12/13 levels left

rFire   + + .      SeeInvis .   a - +0 falchion (flame)
rCold   + . .      Faith    .   (no shield)
rNeg    . . .      Spirit   .   C - +5 scale mail "Wuqusyrgh" {rC+ Str+6 Int+3 Dex-4}
rPois   .          Reflect  .   P - +2 hat
rElec   .          Harm     .   k - +0 cloak of Tender Moments {Will+++ Str-2 Int+4 Slay+2}
rCorr   +          Rampage  .   o - +0 pair of gloves
Will    +++..                   (no boots)
Stlth   ..........              r - amulet "Liewn" {RegenMP Regen+ rCorr Str+5 Stlth-}
HPRegen 1.25/turn               G - ring of flight
MPRegen 0.38/turn               E - ring of protection from fire

@: flying, studying Long Blades
A: claws 2, large bone plates 3, spiny 2
a: Renounce Religion


You were on level 11 of the Dungeon.
You worshipped Ignis.
Ignis was noncommittal.
You visited 1 branch of the dungeon, and saw 13 of its levels.
You also visited: Sewer and Bailey.

You collected 1847 gold pieces.

Inventory:

Hand Weapons
 a - a +0 falchion of flaming (weapon)
 H - a +1 falchion
 M - a +4 vorpal triple sword
Missiles
 d - 305 stones
 g - 59 poisoned darts (quivered)
 m - 35 boomerangs
 t - 5 curare-tipped darts
 L - a throwing net
Armour
 b - a +0 robe
 e - a +1 scale mail
 k - the +0 cloak of Tender Moments (worn) {Will+++ Str-2 Int+4 Slay+2}
   (You acquired it in a sewer)

   Str:       It affects your strength (-2).
   Int:       It affects your intelligence (+4).
   Slay:      It affects your accuracy & damage with ranged weapons and melee
   (+2).
   Will:      It greatly increases your willpower.
 o - a +0 pair of gloves (worn)
 C - the +5 scale mail "Wuqusyrgh" (worn) {rC+ Str+6 Int+3 Dex-4}
   (You found it on level 5 of the Dungeon)

   Str:       It affects your strength (+6).
   Int:       It affects your intelligence (+3).
   Dex:       It affects your dexterity (-4).
   rC:        It protects you from cold.
 P - a +2 hat (worn)
Jewellery
 j - a ring of wizardry
 l - a ring of resist corrosion
 r - the amulet "Liewn" (around neck) {RegenMP Regen+ rCorr Str+5 Stlth-}
   (You found it on level 7 of the Dungeon)

   [amulet of magic regeneration]

   It increases your rate of magic regeneration.
   Str:       It affects your strength (+5).
   Regen:     It increases your rate of health regeneration.
   rCorr:     It protects you from acid and corrosion.
   Stlth:     It makes you less stealthy.
 s - a ring of positive energy
 z - a +6 ring of intelligence
 D - an amulet of the acrobat
 E - a ring of protection from fire (right hand)
 G - a ring of flight (left hand)
Wands
 J - a wand of charming (10)
 Q - a wand of mindburst (9)
Scrolls
 f - 3 scrolls of amnesia
 h - 8 scrolls of teleportation
 n - 2 scrolls of enchant armour
 q - a scroll of fog
 v - 5 scrolls of identify
 x - a scroll of enchant weapon
 y - 3 scrolls of vulnerability
 I - 2 scrolls of fear
 K - a scroll of silence
 O - a scroll of magic mapping
Potions
 c - 5 potions of brilliance
 i - 4 potions of attraction
 p - 5 potions of curing
 u - 3 potions of haste
 w - 4 potions of mutation
 A - 4 potions of ambrosia
 B - a potion of lignification
 F - 2 potions of flight
Miscellaneous
 N - a phial of floods
 R - a phantom mirror


   Skills:
 + Level 9.1 Fighting
 - Level 14.3 Long Blades
 + Level 7.7 Armour
 + Level 7.7 Dodging
 - Level 1.0 Spellcasting
 - Level 2.6 Fire Magic


You had 12 spell levels left.
You knew the following spells:

 Your Spells              Type           Power      Damage    Failure   Level
a - Animate Skeleton      Necr           2%         N/A       32%         1

Your spell library contained the following spells:

 Spells                   Type           Power      Damage    Failure   Level
 Scorch                   Fire           26%        2d6       16%         2
 Beastly Appendage        Tmut           2%         N/A       32%         1
 Pain                     Necr           4%         1d4       32%         1
 Corpse Rot               Necr/Air       2%         N/A       43%         2
 Poisonous Vapours        Pois/Air       2%         N/A       43%         2
 Wereblood                Tmut           1%         N/A       43%         2
 Call Canine Familiar     Summ           1%         N/A       67%         3
 Portal Projectile        Hex/Tloc       2%         N/A       67%         3
 Spider Form              Tmut/Pois      1%         N/A       67%         3
 Vampiric Draining        Necr           1%         2d6       67%         3
 Leda's Liquefaction      Hex/Erth       0%         N/A       97%         4
 Olgreb's Toxic Radiance  Pois           1%         N/A       97%         4
 Ozocubu's Refrigeration  Ice            0%         4d5       100%        7
 Ignition                 Fire           6%         3d4       100%        8


Dungeon Overview and Level Annotations

Branches:
Dungeon (13/15)            Temple (0/1) D:4             Orc (0/2) D:9
  Sewer (visited)          Bailey (visited)
   Lair: D:8-11      Vaults: D:13-14

Altars:
Cheibriados
Dithmenos
Hepliaklqana
Wu Jian
The Shining One

Shops:
D:10 (

Annotations:
D:10 3 runed translucent doors, quinnr's ghost, journeyman TeAE


Innate Abilities, Weirdness & Mutations

You have very sharp fingernails.
You are completely covered in large bone plates. (SH +8)
You are mostly covered in sharp spines.


Message History

You hit the deep elf pyromancer. You burn the deep elf pyromancer.
You kill the deep elf pyromancer!
You hear a splash.
The fire elemental disappears in a puff of smoke! x3
The deep elf zephyrmancer points at you and mumbles some strange words.
The bolt of lightning misses you.
The bolt of lightning hits the deep elf zephyrmancer!!
You regained 2 hp, and now have 34/95 hp.
The deep elf zephyrmancer splashes around in the water.
You miss the deep elf zephyrmancer.
The deep elf zephyrmancer is severely wounded.
The deep elf zephyrmancer splashes around in the water.
The deep elf zephyrmancer casts a spell.
The deep elf zephyrmancer blinks!
You closely miss the deep elf zephyrmancer.
The deep elf zephyrmancer is severely wounded.
You slice the deep elf zephyrmancer!! You burn the deep elf zephyrmancer.
You kill the deep elf zephyrmancer!
You hear a splash.
The deep elf zephyrmancer gestures wildly while chanting.
The deep elf zephyrmancer blinks!
You see here a +0 dagger.
You regained 2 hp, and now have 40/95 hp.
The deep elf zephyrmancer casts a spell at you.
The bolt of lightning hits you!
You take 11 damage, and have 30/95 hp.
The deep elf zephyrmancer points at you and mumbles some strange words.
The bolt of lightning misses you.
The deep elf zephyrmancer mumbles some strange words.
The deep elf zephyrmancer blinks!
The deep elf zephyrmancer gestures at you while chanting.
The bolt of lightning hits you!!
* * * LOW HITPOINT WARNING * * *
You take 27 damage, and have 4/95 hp.
MASSIVE DAMAGE!!
The deep elf zephyrmancer casts a spell.
The deep elf zephyrmancer blinks!
You feel better.
The deep elf zephyrmancer gestures at you while chanting.
The bolt of lightning hits you!!
You die...

≈≈≈≈≈≈.##. #.#.###.## ##> #≈≈....
#.......#. #.. #≈≈..## ###'######
#.. #≈≈.######## #.#### #..
#≈≈.e......# #....# . #e.
#≈≈........# ####'###
..≈≈##e##≈)........#### #......
..≈≈≈≈≈≈≈≈≈.)......'..#####......
...≈≈≈)≈≈(..e...@.§##.....'......
...................########......
+#####.##..........# #######
#....####'###### ####.# #......#
#.# ######.#
#########+#########'##
..<...##...##........#
.....##.....##.......####


You could see 2 deep elf zephyrmancers.

Vanquished Creatures
  2 hydras
  2 tengu warriors (D:9)
  A two-headed ogre (D:9)
  An orc knight (Bailey)
  A deep elf zephyrmancer (D:11)
  5 deep elf pyromancers
  3 cyclopes (D:12)
  2 gargoyles
  A komodo dragon (D:11)
  7 slime creatures (D:12)
  Sigmund (D:2)
  2 wraiths
  10 yaks (D:10)
  A vampire (D:9)
  A wyvern (D:8)
  A basilisk (D:12)
  3 vampire mosquitoes
  Edmund (D:4)
  2 acid dragons
  4 water moccasins
  A swamp drake (D:9)
  An ice beast (D:6)
  6 orc warriors
  A black bear (D:6)
  2 ogres
  2 necrophages
  2 centaurs
  A phantom (D:5)
  2 kobold brigands
  3 bullfrogs
  A scorpion (D:5)
  A water moccasin zombie (D:5)
  A water moccasin skeleton (D:5)
  4 wights (D:7)
  A howler monkey (D:7)
  An electric eel (D:11)
  4 centaur zombies
  4 hounds
  7 orc priests
  2 iguanas (D:6)
  9 orc wizards
  A hound zombie (D:5)
  A hound skeleton (D:5)
  2 howler monkey zombies (D:10)
  4 gnolls (D:6)
  18 adders
  A howler monkey skeleton (D:6)
  4 river rats (Sewer)
  A shadow imp (D:6)
  2 white imps
  An ufetubus (D:6)
  4 adder skeletons
  6 dart slugs
  3 worms
  34 orcs
  24 ball pythons
  3 endoplasms
  4 giant cockroaches (D:2)
  9 hobgoblins
  3 jackals (D:4)
  3 quokkas
  9 bats
  9 frilled lizards
  10 goblins
  24 kobolds
  29 rats
316 creatures vanquished.

Vanquished Creatures (collateral kills)
  2 slime creatures (D:12)
2 creatures vanquished.

Vanquished Creatures (others)
  209 foxfires
  3 fungi (D:8)
  2 plants
214 creatures vanquished.

Grand Total: 532 creatures vanquished

Notes
Turn   | Place    | Note
-------+----------+-------------------------------------------
     0 | D:1      | jasper the Demonspawn Cinder Acolyte began the quest for
                  | the Orb.
     0 | D:1      | Reached XP level 1. HP: 18/18 MP: 2/2
   115 | D:1      | Reached skill level 3 in Long Blades
   306 | D:1      | Gained mutation: You are partially covered in large bone
                  | plates. (SH +4) [demonic ancestry]
   306 | D:1      | Reached XP level 2. HP: 24/24 MP: 3/3
   940 | D:1      | You fall into a shaft and drop 1 floor!
  1061 | D:1      | Gained mutation: You are partially covered in sharp spines.
                  | [demonic ancestry]
  1061 | D:1      | Reached XP level 3. HP: 27/29 MP: 4/4
  1076 | D:1      | Reached skill level 4 in Long Blades
  1825 | D:2      | Noticed Sigmund
  1861 | D:2      | Killed Sigmund
  1862 | D:2      | Reached skill level 5 in Long Blades
  1862 | D:2      | Reached XP level 4. HP: 35/35 MP: 5/5
  1862 | D:2      | Gained mutation: You have sharp fingernails. [demonic
                  | ancestry]
  1862 | D:2      | Reached XP level 5. HP: 41/41 MP: 6/6
  2079 | D:2      | Reached skill level 6 in Long Blades
  2656 | D:3      | Found a shadowy altar of Dithmenos.
  2740 | D:3      | Reached XP level 6. HP: 38/47 MP: 7/7
  2948 | D:3      | Found an ornate altar of the Wu Jian Council.
  3562 | D:4      | Noticed Edmund
  3574 | D:4      | Killed Edmund
  3575 | D:4      | Reached skill level 7 in Long Blades
  3595 | D:4      | Found a glowing drain.
  3605 | Sewer    | Entered a sewer
  3910 | Sewer    | Gained mutation: You are mostly covered in sharp spines.
                  | [demonic ancestry]
  3910 | Sewer    | Reached XP level 7. HP: 48/52 MP: 8/8
  4017 | Sewer    | Reached skill level 8 in Long Blades
  4060 | Sewer    | Identified a scroll of acquirement
  4060 | Sewer    | Acquired the +0 cloak of Tender Moments {Will+++ Str-2
                  | Int+4 Slay+2}
  4140 | D:4      | Found a staircase to the Ecumenical Temple.
  4393 | D:5      | Entered Level 5 of the Dungeon
  4455 | D:5      | Found a snail-covered altar of Cheibriados.
  4547 | D:5      | Reached skill level 9 in Long Blades
  4547 | D:5      | Gained mutation: You have very sharp fingernails. [demonic
                  | ancestry]
  4547 | D:5      | Reached XP level 8. HP: 58/58 MP: 9/9
  4798 | D:5      | Identified the +5 scale mail "Wuqusyrgh" {rC+ Str+6 Int+3
                  | Dex-4}
  4923 | D:5      | Reached skill level 10 in Long Blades
  5133 | D:5      | Learned a level 1 spell: Animate Skeleton
  5794 | D:6      | Reached skill level 11 in Long Blades
  5868 | D:6      | Gained mutation: You are mostly covered in large bone
                  | plates. (SH +6) [demonic ancestry]
  5868 | D:6      | Reached XP level 9. HP: 59/63 MP: 10/10
  6550 | D:7      | Identified the amulet "Liewn" {RegenMP Regen+ rCorr Str+5
                  | Stlth-}
  6583 | D:7      | Acquired a manual of Long Blades
  6720 | D:7      | Reached skill level 12 in Long Blades
  7098 | D:8      | Reached skill level 13 in Long Blades
  7098 | D:8      | Noticed a seven-headed hydra
  7104 | D:8      | Noticed a boulder beetle
  7183 | D:8      | Acquired a +4 vorpal triple sword
  7260 | D:8      | Noticed a gargoyle
  7289 | D:8      | Killed a gargoyle
  7290 | D:8      | Reached skill level 14 in Long Blades
  7388 | D:9      | Noticed a tengu warrior
  7388 | D:9      | Noticed a tengu warrior
  7410 | D:9      | Killed a tengu warrior
  7411 | D:9      | Reached skill level 1 in Armour
  7411 | D:9      | Reached skill level 1 in Dodging
  7411 | D:9      | Reached XP level 10. HP: 57/71 MP: 11/11
  7416 | D:9      | Killed a tengu warrior
  7909 | D:9      | Noticed a deep elf pyromancer
  7927 | D:9      | Killed a deep elf pyromancer
  8068 | D:9      | Found a staircase to the Orcish Mines.
  8151 | D:9      | Reached skill level 5 in Fighting
  8219 | D:9      | Noticed a two-headed ogre
  8229 | D:9      | Killed a two-headed ogre
  8753 | D:10     | Entered Level 10 of the Dungeon
  8839 | D:10     | Noticed a two-headed ogre
  8840 | D:10     | Noticed quinnr's ghost (journeyman TeAE)
  8842 | D:10     | Noticed a manticore
  8844 | D:10     | Found a runed translucent gate.
  8844 | D:10     | Noticed a deep troll
  8845 | D:10     | Found a runed translucent gate.
  8845 | D:10     | Found a runed translucent gate.
  8973 | D:10     | Found Ciudam's Weapon Shoppe.
  9382 | D:10     | Reached skill level 5 in Dodging
  9382 | D:10     | Reached XP level 11. HP: 83/83 MP: 12/12
  9388 | D:10     | Reached skill level 5 in Armour
  9629 | D:11     | Noticed a deep elf pyromancer
  9629 | D:11     | Noticed a deep elf zephyrmancer
  9629 | D:11     | Noticed a deep elf zephyrmancer
  9629 | D:11     | Noticed a deep elf zephyrmancer
  9629 | D:11     | Noticed a deep elf zephyrmancer
  9927 | D:11     | Noticed a deep elf pyromancer
 10289 | D:12     | Noticed a five-headed hydra
 10303 | D:12     | Killed a one-headed hydra
 10803 | D:12     | Found a hazy altar of Hepliaklqana.
 11105 | D:13     | Noticed a rakshasa
 11105 | D:13     | Noticed an eight-headed hydra
 11122 | D:13     | Killed a three-headed hydra
 11235 | D:13     | Found a flagged portal.
 11244 | Bailey   | Entered a bailey
 11386 | Bailey   | Noticed an orc knight
 11417 | Bailey   | Killed an orc knight
 11526 | Bailey   | Found an iron altar of Okawaru.
 11662 | D:11     | Gained mutation: You are completely covered in large bone
                  | plates. (SH +8) [demonic ancestry]
 11662 | D:11     | Reached XP level 12. HP: 91/94 MP: 13/13
 11823 | D:11     | HP: 4/95 [deep elf zephyrmancer/bolt of lightning (29)]
 11825 | D:11     | Killed from afar by a deep elf zephyrmancer

Illustrated notes

Levels and vault maps discovered:
D:1:      dpeg_arrival_subterranean_lakeside_camping, layout_loops_ring,
          serial_bayou, serial_bayou_lagoon_a, serial_bayou_pond_c,
          serial_bayou_pond_d, serial_bayou_pond_b, serial_bayou_shore_a,
          serial_bayou_pond_d
D:2:      layout_basic, uniq_sigmund
D:3:      minmay_wonky_spiral, layout_loops_corners,
          nicolae_overflow_hidden_temple, mainiacjoe_overflow_large_starburst
D:4:      layout_rooms, minmay_temple_entry_statues,
          cheibrodos_sewer_entry_drain, uniq_edmund
D:5:      lemuel_ice_spiral_2, layout_basic, kennysheep_slug_shrine,
          minmay_fractal_squares_gapless_5
D:6:      layout_basic, minivault_23, minivault_22
D:7:      layout_cave_pools, grunt_ogre_cave
D:8:      minmay_the_grid_octo_triangle [minmay_the_grid_octo_toaster,
          minmay_the_grid_octo_prize_big_c,
          minmay_the_grid_octo_tetromino_candy], layout_loops_ring,
          dpeg_oklobed_lair
D:9:      layout_layer_cave, erik_orc_1
D:10:     layout_irregular_city, serial_shops, nicolae_shop_trees,
          gammafunk_ghost_split
D:11:     layout_roguey, dk_noncrumbling_3, elves_outpost_lemuel
D:12:     layout_loops_ring, corexii_hall_statues_deadend,
          nzn_hepliaklqana_mist_gate
D:13:     layout_roguey, hangedman_vaults_entry_quadrant_bands, enter_bailey_6,
          gammafunk_ghost_spectres, uniq_erolcha

Skill      XL: |  1  2  3  4  5  6  7  8  9 10 11 12 |
---------------+-------------------------------------+-----
Long Blades    | 3 5 6 7 9 11 14 | 14.3
Armour         | 1 4 7 |  7.7
Dodging        | 1 5 7 |  7.7
Fighting       | 6 8 9 |  9.1
Spellcasting   | |  1.0
Fire Magic     | |  2.6

Action                   |  1- 3 |  4- 6 |  7- 9 | 10-12 || total
-------------------------+-------+-------+-------+-------++-------
Melee: Falchion          |   103 |   112 |   233 |   409 ||   857
Throw: Stone             |    25 |       |       |       ||    25
       Dart              |       |    41 |       |    16 ||    57
       Boomerang         |       |    40 |    35 |     3 ||    78
Invok: Foxfire Swarm     |     2 |     4 |     6 |       ||    12
Evoke: Wand              |       |       |     8 |    19 ||    27
  Use: Scroll            |     4 |     3 |    17 |     5 ||    29
       Potion            |       |       |     3 |     4 ||     7
 Stab: Invisible         |       |       |       |     1 ||     1
Armor: Scale mail        |    41 |    31 |    82 |   103 ||   257
       Robe              |     2 |       |       |       ||     2
Dodge: Dodged            |    40 |    38 |    76 |   128 ||   282
Block: Other             |    18 |    22 |    42 |    75 ||   157

Table legend: (Time is in decaauts)
 A = Elapsed time spent in this place.
 B = Non-inter-level travel time spent in this place.
 C = Inter-level travel time spent in this place.
 D = Time resting spent in this place.
 E = Time spent auto-exploring this place.
 F = Levels seen in this place.
 G = Mean time per level.
                   A        B        C        D        E       F      G
               +--------+--------+--------+--------+--------+-----+--------+
         Total |  11694 |  11210 |    484 |   1096 |   7534 |  15 |  779.6 |
       Dungeon |  10880 |  10396 |    484 |    994 |   7223 |  13 |  836.9 |
         Sewer |    515 |    515 |      0 |      0 |    308 |   1 |  515.0 |
        Bailey |    298 |    298 |      0 |    102 |      3 |   1 |  298.0 |
               +--------+--------+--------+--------+--------+-----+--------+

Top non-repeatable levels by time:
     D:1: 1627 daAuts
     D:9: 1354 daAuts
     D:5: 1110 daAuts
    D:12: 1109 daAuts
     D:3: 1100 daAuts
     D:6: 1000 daAuts
    D:10: 795 daAuts
     D:2: 743 daAuts
    D:11: 568 daAuts
     D:7: 551 daAuts
   Sewer: 515 daAuts
     D:4: 511 daAuts
  Bailey: 298 daAuts
     D:8: 246 daAuts
    D:13: 162 daAuts
